3734 views
Uploaded 2023-09-12 02:30:39
Game version 1.36 (6115)
18:52 long 2on2 ladder game on (4)PhantomGrove_S2_v2.0
Saved by GIGA
3734 views
Uploaded 2023-09-12 02:30:39
Game version 1.36 (6115)
18:52 long 2on2 ladder game on (4)PhantomGrove_S2_v2.0


64 units @ 6.6k
/ 0.5k
63 buildings @ 5.9k
/ 3k


| Healing Salve | 3 | 300 |
| Lesser Clarity Potion | 4 | 280 |
| Orb of Lightning | 1 | 375 |
| Scroll of Town Portal | 1 | 350 |
| Boots of Speed | 1 | 250 |
| Staff of Teleportation | 1 | 150 |
| total: | 11 | 1705g |
| Peon | 12 | 900 | / | 0 |
| Grunt | 4 | 800 | / | 0 |
| Troll Witch Doctor | 4 | 580 | / | 100 |
| total: | 20 | 2280g | / | 100w |
| Watch Tower | 9 | 990 | / | 720 |
| Altar of Storms | 1 | 180 | / | 50 |
| Orc Burrow | 2 | 320 | / | 80 |
| Barracks | 1 | 180 | / | 50 |
| Voodoo Lounge | 3 | 390 | / | 90 |
| War Mill | 1 | 205 | / | 0 |
| Spirit Lodge | 1 | 150 | / | 150 |
| Beastiary | 2 | 290 | / | 280 |
| Stronghold | 1 | 315 | / | 190 |
| Fortress | 1 | 325 | / | 190 |
| total: | 20 | 2705g | / | 1420w |
| 0:02 | Peon |
| 0:03 | Peon |
| 0:07 | Altar of Storms |
| 0:11 | Orc Burrow |
| 0:33 | Peon |
| 0:34 | Peon |
| 0:50 | Barracks |
| 0:52 | Peon |
| 1:04 | Peon |
| 1:21 | Peon |
| 1:22 | Peon |
| 1:31 | Orc Burrow |
| 1:38 | Voodoo Lounge |
| 1:55 | Grunt |
| 2:01 | Peon |
| 2:11 | Wind Walk |
| 2:32 | Grunt |
| 2:34 | Peon |
| 3:10 | Healing Salve |
| 4:18 | Stronghold |
| 4:20 | Grunt |
| 4:31 | Grunt |
| 5:42 | Critical Strike |
| 6:46 | Spirit Lodge |
| 6:51 | War Mill |
| 6:53 | Peon |
| 6:53 | Peon |
| 6:58 | Voodoo Lounge |
| 8:26 | Watch Tower |
| 8:27 | Watch Tower |
| 8:28 | Watch Tower |
| 9:14 | Fortress |
| 9:18 | Voodoo Lounge |
| 9:33 | Reinforced Defenses |
| 9:36 | Witch Doctor Adept Training |
| 9:36 | Troll Witch Doctor |
| 9:36 | Troll Witch Doctor |
| 9:41 | Watch Tower |
| 9:43 | Watch Tower |
| 9:46 | Watch Tower |
| 10:26 | Lesser Clarity Potion |
| 10:26 | Healing Salve |
| 11:09 | Wind Walk |
| 11:37 | Hex |
| 11:52 | Watch Tower |
| 11:54 | Watch Tower |
| 11:59 | Watch Tower |
| 12:24 | Lesser Clarity Potion |
| 12:39 | Orb of Lightning |
| 12:50 | Scroll of Town Portal |
| 13:11 | Witch Doctor Master Training |
| 14:48 | Boots of Speed |
| 14:48 | Staff of Teleportation |
| 14:59 | Troll Witch Doctor |
| 14:59 | Troll Witch Doctor |
| 15:27 | Lesser Clarity Potion |
| 15:32 | Healing Salve |
| 17:20 | Critical Strike |
| 17:52 | Beastiary |
| 17:54 | Beastiary |
| 18:16 | Lesser Clarity Potion |
| Right click | 1145 |
| Select | 270 |
| Select group | 85 |
| Build/train/purchase | 70 |
| Use ability | 29 |
| Resource trade | 22 |
| Assign group | 10 |
| Misc. action | 7 |
| Item give/drop | 7 |
| Minimap ping | 3 |
| Esc | 1 |


| Lesser Clarity Potion | 2 | 140 |
| Scroll of Regeneration | 1 | 100 |
| total: | 3 | 240g |
| Peasant | 21 | 1575 | / | 0 |
| Footman | 10 | 1350 | / | 0 |
| Mortar Team | 1 | 180 | / | 70 |
| Flying Machine | 12 | 1200 | / | 360 |
| total: | 44 | 4305g | / | 430w |
| Scout Tower | 25 | 750 | / | 500 |
| Arcane Tower | 3 | 210 | / | 150 |
| Guard Tower | 12 | 840 | / | 600 |
| Altar of Kings | 2 | 360 | / | 100 |
| Barracks | 2 | 320 | / | 120 |
| Farm | 7 | 560 | / | 140 |
| Arcane Vault | 1 | 130 | / | 30 |
| Lumber Mill | 1 | 120 | / | 0 |
| Town Hall | 1 | 385 | / | 205 |
| Blacksmith | 1 | 140 | / | 60 |
| Workshop | 2 | 280 | / | 280 |
| Gryphon Aviary | 1 | 140 | / | 150 |
| Keep | 2 | 640 | / | 420 |
| Castle | 1 | 360 | / | 210 |
| total: | 43 | 3185g | / | 1585w |
| 0:02 | Peasant |
| 0:04 | Altar of Kings |
| 0:05 | Altar of Kings |
| 0:06 | Peasant |
| 0:11 | Peasant |
| 0:19 | Barracks |
| 0:20 | Peasant |
| 0:33 | Farm |
| 0:48 | Farm |
| 0:57 | Peasant |
| 1:04 | Peasant |
| 1:12 | Peasant |
| 1:22 | Footman |
| 1:28 | Scout Tower |
| 1:34 | Peasant |
| 1:44 | Footman |
| 1:57 | Arcane Tower |
| 2:06 | Farm |
| 2:14 | Storm Bolt |
| 2:56 | Scout Tower |
| 3:11 | Peasant |
| 3:11 | Peasant |
| 3:13 | Footman |
| 3:32 | Footman |
| 3:36 | Arcane Vault |
| 3:44 | Peasant |
| 3:45 | Scout Tower |
| 3:48 | Lumber Mill |
| 3:54 | Lesser Clarity Potion |
| 4:22 | Scout Tower |
| 4:23 | Peasant |
| 4:23 | Peasant |
| 4:24 | Footman |
| 5:05 | Guard Tower |
| 5:06 | Peasant |
| 5:16 | Bash |
| 5:19 | Scout Tower |
| 5:20 | Scout Tower |
| 5:27 | Peasant |
| 5:28 | Peasant |
| 5:41 | Footman |
| 5:44 | Farm |
| 5:46 | Scroll of Regeneration |
| 5:46 | Lesser Clarity Potion |
| 5:53 | Town Hall |
| 5:55 | Scout Tower |
| 5:57 | Scout Tower |
| 5:58 | Scout Tower |
| 6:08 | Improved Lumber Harvesting |
| 6:49 | Arcane Tower |
| 6:50 | Guard Tower |
| 6:54 | Scout Tower |
| 6:55 | Scout Tower |
| 6:56 | Scout Tower |
| 7:50 | Footman |
| 7:51 | Footman |
| 7:53 | Peasant |
| 7:55 | Keep |
| 7:56 | Arcane Tower |
| 8:00 | Scout Tower |
| 8:44 | Footman |
| 8:44 | Footman |
| 9:11 | Scout Tower |
| 9:15 | Guard Tower |
| 9:16 | Scout Tower |
| 9:21 | Peasant |
| 9:21 | Peasant |
| 9:48 | Blacksmith |
| 9:49 | Scout Tower |
| 9:50 | Guard Tower |
| 9:57 | Guard Tower |
| 9:58 | Scout Tower |
| 9:59 | Scout Tower |
| 10:01 | Improved Masonry |
| 10:04 | Peasant |
| 10:04 | Peasant |
| 10:26 | Guard Tower |
| 11:24 | Guard Tower |
| 11:26 | Keep |
| 11:29 | Scout Tower |
| 11:30 | Scout Tower |
| 11:31 | Scout Tower |
| 11:35 | Scout Tower |
| 11:49 | Workshop |
| 11:53 | Workshop |
| 12:09 | Guard Tower |
| 12:11 | Guard Tower |
| 12:34 | Guard Tower |
| 12:35 | Guard Tower |
| 12:44 | Holy Light |
| 13:03 | Mortar Team |
| 13:47 | Castle |
| 13:55 | Flak Cannons |
| 13:55 | Flare |
| 14:43 | Gryphon Aviary |
| 14:53 | Barracks |
| 15:09 | Scout Tower |
| 15:12 | Scout Tower |
| 15:12 | Scout Tower |
| 15:32 | Flying Machine |
| 15:35 | Farm |
| 15:35 | Farm |
| 15:36 | Farm |
| 15:41 | Flying Machine |
| 15:52 | Guard Tower |
| 16:14 | Flying Machine Bombs |
| 16:14 | Fragmentation Shards |
| 17:02 | Flying Machine |
| 17:03 | Flying Machine |
| 17:03 | Flying Machine |
| 17:21 | Flying Machine |
| 17:21 | Flying Machine |
| 17:39 | Flying Machine |
| 17:39 | Flying Machine |
| 17:39 | Flying Machine |
| 18:04 | Flying Machine |
| 18:05 | Flying Machine |
| Right click | 1020 |
| Select | 327 |
| Select group | 175 |
| Build/train/purchase | 92 |
| Misc. action | 79 |
| Use ability | 21 |
| Assign group | 15 |
| Minimap ping | 9 |
| Esc | 6 |
84 units @ 13.3k
/ 1.5k
44 buildings @ 5k
/ 2.1k


| Scroll of Regeneration | 2 | 200 |
| Scroll of Town Portal | 1 | 350 |
| Potion of Lesser Invulnerability | 1 | 150 |
| total: | 4 | 700g |
| Peasant | 14 | 1050 | / | 0 |
| Footman | 24 | 3240 | / | 0 |
| Rifleman | 4 | 820 | / | 120 |
| Gryphon Rider | 7 | 1960 | / | 490 |
| total: | 49 | 7070g | / | 610w |
| Scout Tower | 9 | 270 | / | 180 |
| Arcane Tower | 2 | 140 | / | 100 |
| Guard Tower | 4 | 280 | / | 200 |
| Altar of Kings | 1 | 180 | / | 50 |
| Farm | 12 | 960 | / | 240 |
| Barracks | 1 | 160 | / | 60 |
| Town Hall | 1 | 385 | / | 205 |
| Arcane Vault | 1 | 130 | / | 30 |
| Lumber Mill | 1 | 120 | / | 0 |
| Blacksmith | 1 | 140 | / | 60 |
| Gryphon Aviary | 4 | 560 | / | 600 |
| Keep | 1 | 320 | / | 210 |
| Castle | 1 | 360 | / | 210 |
| total: | 31 | 2905g | / | 1425w |
| 0:02 | Peasant |
| 0:02 | Peasant |
| 0:10 | Altar of Kings |
| 0:19 | Farm |
| 0:23 | Barracks |
| 0:25 | Peasant |
| 0:42 | Peasant |
| 0:49 | Farm |
| 0:51 | Peasant |
| 1:21 | Peasant |
| 1:25 | Footman |
| 1:32 | Farm |
| 1:36 | Peasant |
| 1:46 | Footman |
| 1:46 | Footman |
| 1:46 | Footman |
| 1:46 | Footman |
| 1:46 | Footman |
| 1:46 | Footman |
| 1:46 | Footman |
| 1:46 | Footman |
| 1:46 | Footman |
| 1:46 | Footman |
| 1:58 | Peasant |
| 2:07 | Footman |
| 2:07 | Footman |
| 2:07 | Footman |
| 2:07 | Footman |
| 2:07 | Footman |
| 2:07 | Footman |
| 2:07 | Footman |
| 2:08 | Footman |
| 2:08 | Footman |
| 2:16 | Summon Water Elemental |
| 2:19 | Peasant |
| 2:37 | Peasant |
| 3:02 | Town Hall |
| 3:06 | Scout Tower |
| 3:15 | Scout Tower |
| 3:31 | Brilliance Aura |
| 3:33 | Footman |
| 3:36 | Arcane Tower |
| 3:48 | Peasant |
| 4:08 | Scout Tower |
| 4:13 | Peasant |
| 4:13 | Peasant |
| 4:16 | Scout Tower |
| 4:22 | Scout Tower |
| 4:23 | Scout Tower |
| 4:32 | Arcane Vault |
| 4:40 | Lumber Mill |
| 4:43 | Peasant |
| 4:45 | Arcane Tower |
| 5:07 | Guard Tower |
| 5:12 | Scout Tower |
| 5:22 | Scout Tower |
| 5:26 | Scout Tower |
| 5:31 | Guard Tower |
| 5:41 | Improved Lumber Harvesting |
| 6:00 | Keep |
| 6:12 | Footman |
| 6:12 | Footman |
| 6:14 | Guard Tower |
| 6:37 | Scroll of Regeneration |
| 6:46 | Guard Tower |
| 6:47 | Improved Masonry |
| 6:49 | Farm |
| 6:55 | Blacksmith |
| 7:18 | Footman |
| 7:19 | Defend |
| 7:40 | Summon Water Elemental |
| 7:53 | Iron Plating |
| 7:58 | Farm |
| 8:01 | Scroll of Regeneration |
| 8:16 | Rifleman |
| 8:16 | Rifleman |
| 8:20 | Black Gunpowder |
| 8:31 | Scroll of Town Portal |
| 8:31 | Potion of Lesser Invulnerability |
| 8:56 | Breath of Fire |
| 9:08 | Rifleman |
| 9:10 | Farm |
| 9:50 | Drunken Haze |
| 10:43 | Brilliance Aura |
| 11:31 | Castle |
| 11:34 | Refined Gunpowder |
| 11:35 | Rifleman |
| 11:41 | Gryphon Aviary |
| 11:45 | Gryphon Aviary |
| 11:46 | Gryphon Aviary |
| 11:48 | Gryphon Aviary |
| 12:16 | Summon Water Elemental |
| 12:54 | Farm |
| 13:00 | Farm |
| 13:01 | Farm |
| 13:05 | Long Rifles |
| 13:07 | Iron Forged Swords |
| 13:07 | Studded Leather Armor |
| 13:32 | Breath of Fire |
| 13:58 | Storm Hammers |
| 14:03 | Gryphon Rider |
| 14:14 | Advanced Lumber Harvesting |
| 14:59 | Gryphon Rider |
| 15:45 | Gryphon Rider |
| 16:18 | Farm |
| 16:22 | Farm |
| 16:25 | Farm |
| 16:36 | Gryphon Rider |
| 16:40 | Steel Forged Swords |
| 16:46 | Drunken Haze |
| 18:31 | Gryphon Rider |
| 18:31 | Gryphon Rider |
| 18:32 | Gryphon Rider |
| Right click | 719 |
| Select | 430 |
| Select group | 225 |
| Build/train/purchase | 135 |
| Misc. action | 32 |
| Resource trade | 29 |
| Use ability | 27 |
| Assign group | 23 |
| Minimap ping | 7 |
| Item give/drop | 5 |

| Healing Salve | 3 | 300 |
| Lesser Clarity Potion | 3 | 210 |
| Potion of Healing | 1 | 150 |
| Scroll of Speed | 1 | 50 |
| Scroll of Town Portal | 1 | 350 |
| total: | 9 | 1060g |
| Peon | 6 | 450 | / | 0 |
| Grunt | 9 | 1800 | / | 0 |
| Raider | 10 | 1800 | / | 400 |
| Spirit Walker | 3 | 585 | / | 105 |
| Demolisher | 6 | 1320 | / | 300 |
| Kodo Beast | 1 | 255 | / | 60 |
| total: | 35 | 6210g | / | 865w |
| Altar of Storms | 1 | 180 | / | 50 |
| Orc Burrow | 7 | 1120 | / | 280 |
| Barracks | 1 | 180 | / | 50 |
| Voodoo Lounge | 1 | 130 | / | 30 |
| War Mill | 1 | 205 | / | 0 |
| Beastiary | 1 | 145 | / | 140 |
| Tauren Totem | 1 | 135 | / | 155 |
| Stronghold | 1 | 315 | / | 190 |
| Fortress | 1 | 325 | / | 190 |
| total: | 13 | 2095g | / | 705w |
| 0:03 | Peon |
| 0:03 | Peon |
| 0:06 | Altar of Storms |
| 0:13 | Orc Burrow |
| 0:16 | Peon |
| 0:25 | Peon |
| 0:43 | Barracks |
| 0:54 | Peon |
| 1:14 | Peon |
| 1:24 | Orc Burrow |
| 1:45 | Grunt |
| 1:45 | Grunt |
| 1:59 | Voodoo Lounge |
| 2:07 | Feral Spirit |
| 2:12 | Pillage |
| 2:20 | Grunt |
| 3:04 | Stronghold |
| 3:19 | Grunt |
| 4:17 | Grunt |
| 4:22 | War Mill |
| 4:36 | Orc Burrow |
| 4:45 | Grunt |
| 4:51 | Healing Salve |
| 4:51 | Healing Salve |
| 5:15 | Grunt |
| 5:33 | Berserker Strength |
| 5:41 | Beastiary |
| 5:44 | Tauren Totem |
| 6:35 | Steel Melee Weapons |
| 6:48 | Grunt |
| 6:49 | Raider |
| 6:54 | Orc Burrow |
| 7:02 | Spirit Walker |
| 7:04 | Lesser Clarity Potion |
| 7:17 | Ensnare |
| 7:27 | Grunt |
| 8:45 | Raider |
| 8:46 | Raider |
| 8:47 | Spirit Walker |
| 9:32 | Steel Armor |
| 9:34 | Scroll of Town Portal |
| 9:34 | Potion of Healing |
| 9:35 | Lesser Clarity Potion |
| 9:36 | Scroll of Speed |
| 9:37 | Healing Salve |
| 9:39 | Chain Lighting |
| 9:50 | Thorium Melee Weapons |
| 10:03 | Orc Burrow |
| 11:32 | Raider |
| 11:32 | Raider |
| 11:34 | Fortress |
| 11:37 | Orc Burrow |
| 11:39 | Demolisher |
| 12:13 | Orc Burrow |
| 12:40 | Lesser Clarity Potion |
| 12:51 | Raider |
| 12:52 | Demolisher |
| 12:54 | Spirit Walker Adept Training |
| 13:34 | Demolisher |
| 15:05 | Reinforced Defenses |
| 15:09 | Demolisher |
| 15:25 | Demolisher |
| 15:28 | Kodo Beast |
| 15:29 | Spirit Walker Master Training |
| 16:31 | Feral Spirit |
| 17:59 | Raider |
| 17:59 | Raider |
| 17:59 | Raider |
| 17:59 | Raider |
| 18:01 | Demolisher |
| 18:02 | Spirit Walker |
| 18:10 | Chain Lighting |
| Right click | 659 |
| Select group | 408 |
| Select | 366 |
| Misc. action | 88 |
| Build/train/purchase | 81 |
| Assign group | 56 |
| Use ability | 50 |
| Minimap ping | 7 |